 Dungeon Crawl Stone Soup version 0.26.1-11-gd32895ea62 (webtiles) character file.

Game seed: 9577370806142970675

48 DildoBatman the Conjurer (level 4, 0/30 HPs)
             Began as a Formicid Conjurer on July 20, 2021.
             Succumbed to an adder's poison
             ... on level 2 of the Dungeon.
             The game lasted 00:02:58 (1261 turns).

DildoBatman the Conjurer (Formicid Conjurer)        Turns: 1261, Time: 00:02:58

Health: 0/30       AC:  2    Str: 12    XL:     4   Next: 0%
Magic:  4/7        EV: 12    Int: 17    God:
Gold:   60         SH:  0    Dex: 10    Spells: 4/7 levels left

rFire    . . .     SeeInvis +   c - +0 mace
rCold    . . .     Faith    .   (no shield)
rNeg     . . .     Spirit   .   a - +0 robe
rPois    .         Reflect  .   (helmet unavailable)
rElec    .         Harm     .   (no cloak)
rCorr    .         Rampage  .   (no gloves)
Will     .....                  (no boots)
Stlth    ++........             (no amulet)
HPRegen  0.10/turn              (no ring)
MPRegen  0.10/turn              (no ring)

@: lethally poisoned (0 -> -4)
A: permanent stasis, dig shafts and tunnels, four strong arms, antennae 3
a: Dig, Shaft Self


You were on level 2 of the Dungeon.
You visited 1 branch of the dungeon, and saw 2 of its levels.

You collected 60 gold pieces.

Inventory:

Hand Weapons
 c - a +0 mace (weapon)
Missiles
 g - 149 stones
 m - 10 arrows
 n - 24 bolts
Armour
 a - a +0 robe (worn)
Scrolls
 b - a scroll of teleportation {unknown}
 e - a scroll of magic mapping {unknown}
 i - a scroll of identify {unknown}
 k - a scroll of enchant armour {unknown}
Potions
 d - 2 potions of lignification {unknown}
 f - 2 potions of heal wounds {unknown}
 h - a potion of magic {unknown}
 j - a potion of degeneration {unknown}
 l - a potion of flight {unknown}


   Skills:
 - Level 1.7 Dodging
 - Level 2.4 Stealth
 - Level 2.1 Spellcasting
 * Level 4.8 Conjurations


You had 4 spell levels left.
You knew the following spells:

 Your Spells              Type           Power        Failure   Level
a - Searing Ray           Conj           36%          4%          2
c - Magic Dart            Conj           72%          2%          1

Your spell library contained the following spells:

 Spells                   Type           Power        Failure   Level
 Dazzling Flash           Conj/Hex       20%          22%         3
 Fulminant Prism          Conj/Hex       5%           56%         4
 Iskenderun's Mystic Bla  Conj/Tloc      10%          56%         4


Dungeon Overview and Level Annotations

Branches:
Dungeon (2/15)

Altars:
Xom


Innate Abilities, Weirdness & Mutations

You cannot be hasted, slowed, berserked, paralysed or teleported.
You can dig through walls and to a lower floor.
Your four strong arms can wield two-handed weapons with a shield.
You have a pair of large antennae on your head. (SInv)


Message History

You shout for attention!
You feel sick. The adder bites you. What are your orders? t - Shout!
Orders for allies: a - Attack new target. r - Retreat! s - Stop attacking. g - Guard the area. f - Follow me.
Anything else - Cancel.
You shout for attention!
The adder closely misses you. The adder bites you.
What are your orders? t - Shout!
Orders for allies: a - Attack new target. r - Retreat! s - Stop attacking. g - Guard the area. f - Follow me.
Anything else - Cancel.
You shout for attention!
You die...

###! ... # . #..
.# #.### #.##.#
##.#.# #....#####
......##.........
#....w@......##
#.#...S........
#..........#
#.........##
#.##...##...
#......# ## ##.
#.###..#####?....
.. #.....†......
#...
#<#######...#


You could see a worm and an adder.

Vanquished Creatures
  An ooze (D:1)
  2 dart slugs (D:1)
  4 leopard geckos (D:1)
  A bat (D:2)
  A giant cockroach (D:1)
  6 goblins
  3 hobgoblins (D:1)
  5 jackals (D:1)
  A frilled lizard (D:1)
  3 kobolds (D:1)
  5 rats (D:1)
32 creatures vanquished.

Notes
Turn   | Place    | Note
-------+----------+-------------------------------------------
     0 | D:1      | DildoBatman the Formicid Conjurer began the quest for the
                  | Orb.
     0 | D:1      | Reached XP level 1. HP: 13/13 MP: 3/3
   258 | D:1      | Reached skill level 4 in Conjurations
   258 | D:1      | Reached XP level 2. HP: 18/19 MP: 0/5
   261 | D:1      | Learned a level 2 spell: Searing Ray
   408 | D:1      | Found a shimmering altar of Xom.
   410 | D:1      | Found an ancient bone altar of Kikubaaqudgha.
   410 | D:1      | Found a hazy altar of Hepliaklqana.
   412 | D:1      | Found an ancient bone altar of Kikubaaqudgha.
   412 | D:1      | Found a radiant altar of Vehumet.
   412 | D:1      | Found a sparkling altar of Nemelex Xobeh.
   465 | D:1      | Reached XP level 3. HP: 7/24 MP: 0/6
  1243 | D:2      | Reached XP level 4. HP: 18/30 MP: 2/7
  1260 | D:2      | HP: 1/30 [adder (2)]
  1261 | D:2      | Succumbed to an adder's poison

Illustrated notes

Levels and vault maps discovered:
D:1:      dpeg_arrival_morbid_curiosity, layout_basic, doesnt_xom_only_xom
D:2:      layout_loops_ring, nicolae_overflow_crystal_walls,
          yredelemnul_altar_generic, chequers_temple_overflow_statue_of_worship,
          chequers_ecumenical_altar_simple_redux

Skill      XL: |  1 |
---------------+----+-----
Conjurations   | 4 |  4.8
Dodging        | |  1.7
Stealth        | |  2.4
Spellcasting   | |  2.1

Action                   |  1- 3 |  4- 6 || total
-------------------------+-------+-------++-------
Melee: Mace              |    16 |     1 ||    17
 Cast: Magic Dart        |    15 |       ||    15
       Searing Ray       |    13 |       ||    13
 Abil: Dig               |     5 |       ||     5
Armor: Robe              |     5 |     1 ||     6
Dodge: Dodged            |    20 |     6 ||    26
